Unix NetHack Version 3.7.0-101 Work-in-progress - last build Mar 4 2024 02:26:32 (3c4ac04b664b9ee0831c739617f054b5b60dbfd1,branch:master). Game began 2024-03-08 08:04:09, ended 2024-03-08 08:25:05. elenmirie, neutral female gnomish Archeologist ------ |..{.| +....+ -------------- |....|# #+............| |^....## ###|............| |<...|## ######.............| ------# ## |.........>..| ## ## -------------- # ### ## # ## ##### | ##### +. ## |..... ### ----- ## ------------- ###-@(d).)%?)?(| |.m@.[]/+?/)| ------------- Elenmirie the Field Worker St:16 Dx:9 Co:11 In:16 Wi:14 Ch:10 Neutral Dlvl:4 $:0 HP:0(25) Pw:17(17) AC:9 Xp:3/41 T:1543 Hungry Burdened Latest messages: You fall down the stairs. You find a pit. You swap places with Yermak. You swap places with Yermak. You swap places with Yermak. You swap places with Yermak. You see here a food ration. You learn more about your items by comparing them. You have a little trouble lifting d - an uncursed food ration (6 in total). You swap places with Yermak. You swap places with Yermak. You swap places with Yermak. You swap places with Yermak. You are beginning to feel hungry. "Hello, elenmirie! Welcome to Tuktoyaktuk's general store!" Yermak eats a tripe ration. You see here a whistle (for sale, 13 zorkmids). "For you, good lady; only 13 zorkmids for this whistle." You have a little trouble lifting H - a whistle (unpaid, 13 zorkmids). What do you want to use or apply? [agitwzH or ?*] H You produce a high whistling sound. What do you want to call? [GH or ?*] H Call a whistle: tin What do you want to drop? [a-dgiostwzF-H or ?*] H You drop a whistle called tin (unpaid, 13 zorkmids). You see here a dark green potion (for sale, 400 zorkmids). (For instructions type a '?') Call a dark green potion: 300 dg You see here a pair of walking shoes (for sale, 11 zorkmids). Yermak picks up a scroll labeled FNORD. You see here a potion called 300 dg (for sale, 400 zorkmids). Wait! That's a small mimic! The small mimic hits! The small mimic hits! You miss the small mimic. You miss the small mimic. The small mimic hits! You miss the small mimic. You miss the small mimic. You lash the small mimic. You lash the small mimic. You lash the small mimic. The small mimic hits! You die... Tuktoyaktuk gratefully inherits all your possessions. Do you want to see what you had when you died? [ynq] (y) y Do you want to see your attributes? [ynq] (y) y Do you want an account of creatures vanquished? [ynaq] (y) y Do you want to see your conduct and achievements? [ynq] (y) y Do you want to see the dungeon overview? [ynq] (y) y Inventory: Weapons a - an uncursed burnt +2 bullwhip (weapon in right hand) Armor c - a blessed +0 fedora (being worn) b - an uncursed +0 leather jacket (being worn) Comestibles s - an uncursed ancient fruitcake o - a cursed carrot d - 6 uncursed food rations F - an uncursed tripe ration Rings G - an uncursed ring of teleport control Wands z - an uncursed wand of light (0:10) Tools w - an uncursed sack containing 13 items i - an uncursed oil lamp t - an uncursed tinning kit (0:53) Gems/Stones g - an uncursed touchstone Contents of the sack: 1150 gold pieces an uncursed scroll of enchant weapon a cursed scroll of enchant weapon an uncursed spellbook of confuse monster an uncursed spellbook of magic missile 2 uncursed potions of healing an uncursed potion of invisibility a cursed potion of invisibility an uncursed potion of oil an uncursed potion of sleeping an uncursed potion of speed 2 uncursed potions of water an uncursed +0 pick-axe Elenmirie the Archeologist's attributes: Background: You were a Field Worker, a level 3 female gnomish Archeologist. You were neutral, on a mission for Camaxtli who was opposed by Quetzalcoatl (lawful) and Huhetotl (chaotic). You were right-handed. You were in the Dungeons of Doom, on level 4. You entered the dungeon 1543 turns ago. You had 41 experience points, 39 more were needed to attain level 4. Basics: You had 0 out of 25 hit points. You had all 17 energy points (spell power). Your armor class was 9. Your wallet was empty, but you had 1150 zorkmids stashed away in your pack. Autopickup was on, but temporarily disabled while inside the shop. Final Characteristics: Your strength was 16 (limit:18/50). Your dexterity was 9 (limit:18). Your constitution was 11 (limit:18). Your intelligence was 16 (limit:19). Your wisdom was 14 (limit:18). Your charisma was 10 (limit:18). Final Status: You were hungry. You were burdened; movement was slightly slowed. You were wielding a whip. You had basic skill with whip. Final Attributes: You were fervently aligned. You had automatic searching. You had infravision. You are dead. Miscellaneous: You never encountered a bones level. Total elapsed playing time was 20 minutes and 49 seconds. Major events: Turn 1: elenmirie the neutral female gnomish Archeologist entered the dungeon 1116: attained the rank of Field Worker (level 3) 1543: killed by a small mimic Vanquished creatures: 3 giant rats a yellow mold 2 red molds a gecko 2 jackals 3 foxes a goblin 8 grid bugs 2 lichens 6 newts 29 creatures vanquished. No species were genocided or became extinct. Voluntary challenges: You read items or engraved 2 times. You never engraved Elbereth. You never genocided any monsters. You never polymorphed an object. You never changed form. You used no wishes. Achievements: You entered a shop. You attained the rank of Field Worker. The Dungeons of Doom: levels 1 to 4 Level 1: A fountain. Level 2: A fountain, a grave. Level 3: An altar to Camaxtli, a fountain. Level 4: <- You were here. A general store, a sink. Final resting place for you, killed by a small mimic. Game over: ---------- / \ / REST \ / IN \ / PEACE \ / \ | elenmirie | | 1150 Au | | killed by a | | small mimic | | | | | | 2024 | *| * * * | * _________)/\\_//(\/(/\)/\//\/|_)_______ Goodbye elenmirie the Archeologist... You died in The Dungeons of Doom on dungeon level 4 with 1359 points, and 1150 pieces of gold, after 1543 moves. You were level 3 with a maximum of 25 hit points when you died.